 Dungeon Crawl Stone Soup version 0.30-a0-778-g2ef04afb54 (webtiles) character file.

Game seed: 4225568269169758425

94590 Newt the Fighter (level 15, -19/120 HPs)
             Began as a Demonspawn Gladiator on Feb 15, 2023.
             Was a High Priest of Hepliaklqana.
             Blown up by an orb spider (38 damage)
             ... with an orb of destruction
             ... on level 4 of the Spider Nest.
             The game lasted 00:38:56 (23498 turns).

Newt the Fighter (Demonspawn Gladiator)            Turns: 23498, Time: 00:38:57

Health: -19/120    AC: 24    Str: 26      XL:     15   Next: 64%
Magic:  0/25       EV: 12    Int: 15      God:    Hepliaklqana [*****.]
Gold:   2348       SH: 15    Dex: 17 (18) Spells: 22/28 levels left

rFire   + + +      SeeInvis +    a - +8 spear of Extremism {flame, rF+ Will+}
rCold   . . .      Faith    .    t - +3 buckler {rN+}
rNeg    + . .      Spirit   .    Y - +2 leather armour {rC+ rF+}
rPois   +          Reflect  +    C - +3 hat "Mokhuafi" {Int+2 SInv Stlth+}
rElec   .          Harm     .    (cloak unavailable)
rCorr   .          Rampage  .    K - +1 pair of gloves
Will    +++..                    X - +2 pair of boots
Stlth   ++                       Q - amulet of reflection
HPRegen 0.40/turn                i - +6 ring of strength
MPRegen 0.19/turn                O - ring "Ponang" {Fire Contam rPois Will+ Int+3}

@: lethally poisoned (-19 -> -32), sanguine armoured, slowed, studying Stealth,
very slow
A: reduced essence, ignite blood 2, augmentation 1, sanguine armour 2, demonic
magic 2, weakness stinger 3, antennae 1, agile 1, robust 1
a: Renounce Religion, Recall Ancestor, Ancestor Identity, Transference, Idealise


You were on level 4 of the Spider Nest.
You worshipped Hepliaklqana.
Hepliaklqana was extremely pleased with you.
You visited 3 branches of the dungeon, and saw 19 of its levels.
You also visited: Ossuary, Gauntlet and Ice Cave.

You collected 2547 gold pieces.
You spent 199 gold pieces at shops.

Inventory:

Hand Weapons
 a - the +8 spear of Extremism (weapon) {flame, rF+ Will+}
   (You found it on level 3 of the Dungeon)

   rF:        It protects you from fire.
   Will:      It increases your willpower.
 b - the +7 great mace "Firestarter" {flame, inner flame, rFlCloud rF++}
   (You found it in an ice cave)

   rFlCloud:  It grants immunity to clouds of flame.
   rF:        It greatly protects you from fire.
Missiles
 d - 8 silver javelins
 e - 4 javelins
 p - 27 poisoned darts
 J - 4 boomerangs (quivered)
 T - a throwing net
Armour
 s - +2 pearl dragon scales
 t - a +3 buckler of positive energy (worn)
 C - the +3 hat "Mokhuafi" (worn) {Int+2 SInv Stlth+}
   (You found it in a Gauntlet)

   Int:       It affects your intelligence (+2).
   SInv:      It lets you see invisible.
   Stlth:     It makes you more stealthy.
 D - a +2 tower shield
 K - a +1 pair of gloves (worn)
 X - a +2 pair of boots (worn)
 Y - a +2 leather armour of resistance (worn)
Jewellery
 i - a +6 ring of strength (left hand)
 j - a ring of resist corrosion
 L - a ring of poison resistance
 O - the ring "Ponang" (right hand) {Fire Contam rPois Will+ Int+3}
   (You acquired it on level 8 of the Dungeon)

   [ring of fire]

   It enhances your fire magic.
   Int:       It affects your intelligence (+3).
   rF:        It protects you from fire.
   rC:        It makes you vulnerable to cold.
   rPois:     It protects you from poison.
   Contam:    It causes magical contamination when unequipped.
   Will:      It increases your willpower.
 Q - an amulet of reflection (around neck)
 S - a +6 ring of dexterity
Wands
 l - a wand of polymorph (3)
 m - a wand of charming (3)
 E - a wand of mindburst (14)
 M - a wand of iceblast (23)
 R - a wand of flame (21)
Scrolls
 n - 7 scrolls of identify
 y - 6 scrolls of teleportation
 B - 4 scrolls of magic mapping
 G - a scroll of poison
 H - 2 scrolls of fear
 N - a scroll of brand weapon
 U - a scroll of silence
 W - a scroll of enchant weapon
Potions
 c - 4 potions of ambrosia
 g - 2 potions of berserk rage
 h - 6 potions of attraction
 o - 2 potions of mutation
 q - 2 potions of resistance
 u - 11 potions of curing
 v - 7 potions of brilliance
 w - 4 potions of might
 z - 4 potions of magic
 A - 5 potions of lignification
 F - 8 potions of flight
 I - 2 potions of invisibility
 P - a potion of cancellation
Miscellaneous
 x - a condenser vane
 Z - a box of beasts


   Skills:
 - Level 12.0 Fighting
 - Level 2.6 Short Blades
 - Level 9.2 Maces & Flails
 - Level 8.0 Polearms
 - Level 8.0 Throwing
 + Level 9.1 Armour
 - Level 2.6 Dodging
 - Level 9.0 Shields
 - Level 7.3 Spellcasting
 - Level 8.0 Poison Magic
 - Level 8.0 Invocations
 - Level 10.0 Evocations


You had 22 spell levels left.
You knew the following spells:

 Your Spells              Type           Power      Damage    Failure   Level
a - Olgreb's Toxic Radia  Pois           29%        N/A       6%          4
b - Poisonous Vapours     Pois/Air       34%        N/A       4%          2

Your spell library contained the following spells:

 Spells                   Type           Power      Damage    Failure   Level
 Sting                    Tmut/Pois      68%        1d6       3%          1
 Kiss of Death            Conj/Necr      20%        2d7       19%         1
 Ensorcelled Hibernation  Hex/Ice        10%        N/A       26%         2
 Lesser Beckoning         Tloc           10%        N/A       26%         2
 Passwall                 Tmut/Erth      4%         N/A       26%         2
 Confusing Touch          Hex            5%         N/A       47%         3
 Dazzling Flash           Conj/Hex       10%        N/A       47%         3
 Gell's Gravitas          Tloc           5%         N/A       47%         3
 Kindle Blastsparks       Fire/Tloc/Air  16%        2d11      47%         3
 Swiftness                Air            5%         N/A       47%         3
 Teleport Other           Tloc           5%         N/A       47%         3
 Dispel Undead            Necr           5%         3d7       87%         4
 Fulminant Prism          Conj/Hex       2%         3d5       87%         4
 Iskenderun's Mystic Bla  Conj/Tloc      5%         2d3       87%         4
 Leda's Liquefaction      Hex/Erth       2%         N/A       87%         4
 Blade Hands              Tmut           2%         N/A       99%         5
 Irradiate                Conj/Tmut      2%         3d12      99%         5
 Lee's Rapid Deconstruct  Erth           2%         3d5*      99%         5
 Starburst                Conj/Fire      4%         6d3       100%        6
 Statue Form              Tmut/Erth      3%         N/A       100%        6
 Dragon Form              Tmut           2%         N/A       100%        7


Dungeon Overview and Level Annotations

Branches:
Dungeon (10/15)            Temple (0/1) D:7            Lair (5/5) D:8
 Shoals (0/4) Lair:3       Spider (4/4) Lair:3        Slime (0/5) Lair:5
    Orc (0/2) D:9         Ossuary (visited)           IceCv (visited)
Gauntlet (visited)

Altars:
Cheibriados
Hepliaklqana
Kikubaaqudgha
Okawaru
Ru
Sif Muna
Wu Jian
Jiyva

Shops:
D:6 (   D:8 *   D:9 !

Annotations:
Spider:3 Mara


Innate Abilities, Weirdness & Mutations

Your life essence is reduced to manifest your ancestor. (-10% HP)
Your demonic aura often causes spilled blood to erupt in flames.
Your magical and physical power is slightly enhanced at high health.
When seriously injured, your blood forms thick armour. (AC +9)
Spells you cast may paralyse nearby enemies.
You have a sharp stinger which inflicts weakening toxins.
You have a pair of small antennae on your head.
You are agile. (Dex +4, Str/Int -1)
You are robust. (+10% HP)


Message History

The emperor scorpion claws you but does no damage.
Your magical contamination has completely faded away.
You puncture the emperor scorpion! You burn the emperor scorpion.
The emperor scorpion is heavily wounded.
The orb spider looks more healthy.
The ghost moth stares at you.
Shunnar blocks the ghost moth's attack. x2; The ghost moth stings Shunnar!
The emperor scorpion stings you.
* * * LOW HITPOINT WARNING * * *
You are poisoned.
The emperor scorpion poisons you!
The emperor scorpion claws you but does no damage.
You block the emperor scorpion's attack.
Shunnar hits the ghost moth with a +0 broad axe of flaming!
Shunnar burns the ghost moth!
Shunnar hits the emperor scorpion with a +0 broad axe of flaming!
Shunnar burns the emperor scorpion.
The ghost moth misses Shunnar.
Shunnar blocks the ghost moth's attack. x2
* * * LOW HITPOINT WARNING * * *
You feel extremely sick.
The emperor scorpion stings Shunnar!
The emperor scorpion closely misses Shunnar. x2
Shunnar blocks the ghost moth's attack. x2
The ghost moth stings Shunnar but does no damage.
The orb spider weaves a glowing orb of energy.
Shunnar hits the torpor snail with a +0 broad axe of flaming!
Shunnar burns the torpor snail.
Shunnar hits the ghost moth with a +0 broad axe of flaming.
Shunnar burns the ghost moth.
An orb of destruction comes into view.
* * * LOW HITPOINT WARNING * * *
You feel extremely sick. The ghost moth stares at you.
You feel your power leaking away.
The ghost moth hits Shunnar!
The ghost moth hits Shunnar.
The ghost moth stings Shunnar.
The ghost moth hits Shunnar but does no damage. x2
The ghost moth stings Shunnar but does no damage.
The orb of destruction hits you!!!
You die...

...##.^...# ..###
....#..<..## ....^
...##...#^.# ^...^.
#...^......######..# ...#
........R#......†..##..#.#
...##....##...†.....#....#
##.#^.....##.†...........#
...#......^###..§.#.#....#
...†......## #.#@.#....^.
..#..#.^.## #..#○..(^###
...^.##### ^..##○°§....#
####.# .....s.Rw#.(.# ###
^....^w..#y§...#
...#^..###s.....# #..##^.
.......# #... ####...^#
#.. #...#


You could see the friendly Shunnar the knight (slow), an emperor scorpion
(distracted), a ghost moth (invisible, ally target), a torpor snail (very
poisoned) and an orb spider.

Vanquished Creatures
  A ghost moth (Spider:2)
  A frost giant (IceCv)
  2 broodmothers
  2 spark wasps
  Snorg (Lair:3)
  The ghost of patfeehan111222 the Basher, a journeyman MiBe of Trog (D:8)
  3 entropy weavers
  A hydra (Lair:5)
  2 jorogumos
  A catoblepas (Lair:4)
  5 death yaks (IceCv)
  A two-headed ogre (D:9)
  4 pharaoh ants
  6 orb spiders
  3 steelbarb worms
  11 wolf spiders
  7 elephants
  4 black mambas
  2 moths of wrath (Spider:3)
  Joseph (D:9)
  3 merfolk sirens (Lair:3)
  3 demonic crawlers
  3 torpor snails
  11 cane toads
  4 rime drakes
  4 komodo dragons
  A merfolk (Lair:3)
  A meliai (Spider:3)
  15 polar bears
  A queen bee (Spider:3)
  A troll (D:10)
  12 tarantellas
  5 hornets
  2 raiju (Gauntlet)
  2 dream sheep (Lair:5)
  11 blink frogs
  Grinder (D:3)
  5 slime creatures
  22 jumping spiders
  12 culicivoras
  12 spriggans (Lair:5)
  40 yaks
  4 wyverns
  2 basilisks
  A steam dragon (D:7)
  28 redbacks
  Menkaure (D:4)
  2 wargs (D:8)
  An acid dragon (D:9)
  10 water moccasins
  8 orc warriors
  2 ice beasts
  A sky beast (D:6)
  60 wolves
  4 centaurs
  7 black bears
  3 boggarts (Lair:5)
  7 phantoms
  A kobold brigand (D:9)
  11 bullfrogs
  Blork the orc (D:5)
  A necrophage (D:4)
  A cane toad simulacrum (Lair:1)
  A scorpion (D:4)
  8 wights
  21 killer bees
  2 howler monkeys
  4 hounds
  2 jellies
  3 gnoll boudas
  10 orc priests
  Jessica (D:3)
  4 iguanas (D:5)
  7 orc wizards
  6 hell rats (Lair:1)
  Robin (D:4)
  8 mummies (Ossuary)
  14 gnolls
  10 adders
  17 river rats (Lair:1)
  2 shadow imps
  A white imp (D:7)
  2 ufetubi
  2 worms (D:2)
  3 dart slugs (D:1)
  30 orcs
  8 ball pythons
  6 bats
  8 endoplasms
  A giant cockroach (D:3)
  18 goblins
  14 hobgoblins
  7 jackals (D:2)
  11 kobolds
  12 quokkas
  5 frilled lizards
  A hobgoblin zombie (Ossuary)
  4 kobold zombies (Ossuary)
  3 orc zombies (Ossuary)
  14 rats
657 creatures vanquished.

Vanquished Creatures (collateral kills)
  A broodmother (Spider:2)
  A minotaur (Gauntlet)
  An entropy weaver (Spider:1)
  A radroach (Spider:2)
  A pharaoh ant (Spider:3)
  6 wolf spiders
  2 elephants
  An ice statue (IceCv)
  A moth of wrath (Spider:1)
  A slime creature (Gauntlet)
  A black mamba (Lair:4)
  A torpor snail (Gauntlet)
  A rime drake (Lair:4)
  A polar bear (Lair:5)
  2 meliai (Spider:3)
  7 tarantellas
  A blink frog (Lair:5)
  7 jumping spiders
  A spriggan (Lair:5)
  4 yaks
  3 culicivoras
  7 redbacks
  2 water moccasins (Lair:5)
  11 wolves
  4 bullfrogs
  2 killer bees (Spider:3)
  A hell rat (Lair:1)
  A river rat (Lair:1)
  2 orcs (D:9)
  A kobold (D:9)
  2 rats (Lair:1)
  A fungus (Lair:5)
79 creatures vanquished.

Vanquished Creatures (others)
  8 knights
  3 ancestors
  19 fungi
  28 plants
58 creatures vanquished.

Grand Total: 794 creatures vanquished

Notes
Turn   | Place    | Note
-------+----------+-------------------------------------------
     0 | D:1      | Newt the Demonspawn Gladiator began the quest for the Orb.
     0 | D:1      | Reached XP level 1. HP: 16/16 MP: 1/1
    71 | D:1      | Gained mutation: When seriously injured, your blood forms
                  | armour. (AC +9) [demonic ancestry]
    71 | D:1      | Reached XP level 2. HP: 15/23 MP: 2/2
   235 | D:1      | Reached skill level 3 in Fighting
   597 | D:1      | Gained mutation: Your demonic aura sometimes causes spilled
                  | blood to erupt in flames. [demonic ancestry]
   597 | D:1      | Reached XP level 3. HP: 29/29 MP: 3/3
  1144 | D:2      | Reached skill level 4 in Fighting
  1204 | D:2      | Gained mutation: Spells you cast may paralyse adjacent
                  | enemies. [demonic ancestry]
  1204 | D:2      | Reached XP level 4. HP: 34/37 MP: 4/4
  1495 | D:2      | HP: 1/37 [frozen (4)]
  2131 | D:3      | Noticed Jessica
  2137 | D:3      | Killed Jessica
  2138 | D:3      | Gained mutation: Your demonic aura often causes spilled
                  | blood to erupt in flames. [demonic ancestry]
  2138 | D:3      | Reached XP level 5. HP: 42/42 MP: 5/5
  2273 | D:3      | Found a shimmering blue altar of Sif Muna.
  2410 | D:3      | Noticed Grinder
  2410 | D:3      | Paralysed by Grinder for 5 turns
  2439 | D:3      | Killed Grinder
  2440 | D:3      | Reached skill level 5 in Throwing
  2440 | D:3      | Reached XP level 6. HP: 48/48 MP: 6/6
  2467 | D:3      | Identified the +8 spear of Extremism {flame, rF+ Will+}
  3033 | D:4      | Found a sand-covered staircase.
  3039 | Ossuary  | Entered an ossuary
  3103 | Ossuary  | Gained mutation: You have a small tail. [demonic ancestry]
  3103 | Ossuary  | Reached XP level 7. HP: 37/54 MP: 7/7
  3604 | D:4      | Noticed Menkaure
  3606 | D:4      | Killed Menkaure
  3886 | D:4      | Noticed Robin
  3903 | D:5      | Entered Level 5 of the Dungeon
  3919 | D:5      | Reached skill level 1 in Polearms
  3919 | D:5      | Gained mutation: Spells you cast may paralyse nearby
                  | enemies. [demonic ancestry]
  3919 | D:5      | Reached XP level 8. HP: 18/60 MP: 8/8
  3959 | D:4      | Killed Robin
  4552 | D:5      | Noticed Blork the orc
  4557 | D:5      | Killed Blork the orc
  4558 | D:5      | Reached skill level 5 in Polearms
  4894 | D:6      | Gained mutation: When seriously injured, your blood forms
                  | thick armour. (AC +9) [demonic ancestry]
  4894 | D:6      | Reached XP level 9. HP: 65/65 MP: 9/9
  5426 | D:6      | Found an ancient bone altar of Kikubaaqudgha.
  5865 | D:6      | Found Nierab's Hydra Hut.
  5871 | D:6      | Noticed a five-headed hydra
  6068 | D:6      | Reached skill level 5 in Fighting
  6078 | D:6      | Found a hazy altar of Hepliaklqana.
  6085 | D:6      | Became a worshipper of Hepliaklqana the Forgotten
  6114 | D:6      | Found a snail-covered altar of Cheibriados.
  6353 | D:7      | Reached skill level 6 in Fighting
  6356 | D:7      | Reached skill level 1 in Armour
  6964 | D:7      | Found a staircase to the Ecumenical Temple.
  7378 | D:8      | Found a staircase to the Lair.
  7385 | D:8      | Reached XP level 10. HP: 51/76 MP: 6/10
  7532 | D:8      | Reached * piety under Hepliaklqana
  7689 | D:8      | Found Loosunae's Assorted Antiques.
  7697 | D:8      | Bought a scroll labelled HUAMUE HOTOZ for 34 gold pieces
  7698 | D:8      | Acquired the ring "Ponang" {Fire Contam rPois Will+ Int+3}
  7722 | D:8      | Reached skill level 5 in Armour
  7799 | D:8      | Found a runed translucent gate.
  7799 | D:8      | Found a runed translucent gate.
  7799 | D:8      | Found a runed translucent gate.
  7801 | D:8      | Noticed patfeehan111222's ghost (journeyman MiBe)
  7820 | D:8      | Killed patfeehan111222's ghost
  7821 | D:8      | Reached skill level 1 in Evocations
  7993 | D:8      | Found a sacrificial altar of Ru.
  8427 | D:8      | Found an iron altar of Okawaru.
  8669 | D:9      | Found Foifik's Distillery.
  8672 | D:9      | Bought a potion of lignification for 45 gold pieces
  8672 | D:9      | Bought a potion of cancellation for 120 gold pieces
  8751 | D:9      | Reached skill level 5 in Evocations
  8760 | D:9      | HP: 1/68 [large slime creature (14)]
  8762 | D:9      | Reached skill level 1 in Invocations
  8935 | D:9      | Noticed Joseph
  8945 | D:9      | Killed Joseph
  9038 | D:9      | Noticed a two-headed ogre
  9047 | D:9      | Killed a two-headed ogre
  9075 | D:9      | Gained mutation: You have a tail ending in a sharp stinger.
                  | [demonic ancestry]
  9075 | D:9      | Reached XP level 11. HP: 64/72 MP: 11/16
  9143 | D:9      | Found a staircase to the Orcish Mines.
  9572 | D:10     | Entered Level 10 of the Dungeon
  9963 | D:10     | Found an ornate altar of the Wu Jian Council.
 10292 | Lair:1   | Entered Level 1 of the Lair of Beasts
 10322 | Lair:1   | Reached skill level 7 in Fighting
 10404 | Lair:1   | Found a frozen archway.
 10412 | IceCv    | Entered an ice cave
 10499 | IceCv    | Reached skill level 8 in Fighting
 10612 | IceCv    | Reached skill level 9 in Fighting
 10614 | IceCv    | Reached skill level 1 in Spellcasting
 10614 | IceCv    | Reached skill level 1 in Poison Magic
 10702 | IceCv    | Reached ** piety under Hepliaklqana
 10703 | IceCv    | Remembered your ancestor Shunnar as a knight
 10882 | IceCv    | Noticed a death yak
 10883 | IceCv    | Noticed a death yak
 10893 | IceCv    | Killed a death yak
 10899 | IceCv    | Killed a death yak
 10900 | IceCv    | Gained mutation: Your magical and physical power is
                  | slightly enhanced at high health. [demonic ancestry]
 10900 | IceCv    | Reached XP level 12. HP: 69/85 MP: 13/18
 10975 | IceCv    | Noticed a death yak
 10981 | IceCv    | Reached skill level 5 in Poison Magic
 10994 | IceCv    | Killed a death yak
 10995 | IceCv    | Reached skill level 5 in Spellcasting
 11191 | IceCv    | Noticed a death yak
 11191 | IceCv    | Noticed a frost giant
 11191 | IceCv    | Noticed a death yak
 11191 | IceCv    | Found the +7 great mace "Firestarter" {flame, inner flame,
                  | rFlCloud rF++}
 11200 | IceCv    | Killed a frost giant
 11207 | IceCv    | Killed a death yak
 11210 | IceCv    | Killed a death yak
 11943 | Lair:1   | Learned a level 4 spell: Olgreb's Toxic Radiance
 12218 | Lair:1   | Reached skill level 1 in Maces & Flails
 12222 | Lair:1   | Acquired 863 gold pieces
 12798 | Lair:2   | Reached skill level 5 in Maces & Flails
 12798 | Lair:2   | Reached XP level 13. HP: 20/90 MP: 9/23
 13218 | Lair:2   | Reached *** piety under Hepliaklqana
 13586 | Lair:3   | Found a gate leading to a gauntlet.
 13595 | Gauntlet | Entered a Gauntlet
 13595 | Gauntlet | Found a transporter.
 13595 | Gauntlet | Found a transporter.
 13601 | Gauntlet | Found a transporter.
 13613 | Gauntlet | Found a transporter.
 13631 | Gauntlet | Found a transporter.
 13631 | Gauntlet | Found a transporter.
 13631 | Gauntlet | Found a transporter.
 13633 | Gauntlet | Found a transporter.
 13633 | Gauntlet | Found a transporter.
 13648 | Gauntlet | Found a transporter.
 13663 | Gauntlet | Found a transporter.
 13673 | Gauntlet | Found a transporter.
 13687 | Gauntlet | Found a transporter.
 13721 | Gauntlet | Found a transporter.
 14027 | Gauntlet | Gained mutation: Armour fits poorly on your strangely
                  | shaped body. [potion of mutation]
 14027 | Gauntlet | Gained mutation: You are dopey. (Int -2) [potion of
                  | mutation]
 14027 | Gauntlet | Gained mutation: Your flesh is heat resistant. (rF+)
                  | [potion of mutation]
 14028 | Gauntlet | Lost mutation: Armour fits poorly on your strangely shaped
                  | body. [potion of mutation]
 14028 | Gauntlet | Lost mutation: Your flesh is heat resistant. (rF+) [potion
                  | of mutation]
 14028 | Gauntlet | Gained mutation: Your spells are a little harder to cast,
                  | but a little more powerful. [potion of mutation]
 14028 | Gauntlet | Gained mutation: You are very dopey. (Int -4) [potion of
                  | mutation]
 14028 | Gauntlet | Lost mutation: You are very dopey. (Int -4) [potion of
                  | mutation]
 14028 | Gauntlet | Gained mutation: You have sharp fingernails. [potion of
                  | mutation]
 14098 | Gauntlet | Identified the +3 hat "Mokhuafi" {Int+2 SInv Stlth+}
 14154 | Gauntlet | Noticed a minotaur
 14173 | Gauntlet | Killed a minotaur
 14241 | Gauntlet | Identified the +7 quarterstaff of Tension {flame, rN+ Will+
                  | Dex+2}
 14567 | Lair:3   | Found a hole to the Spider Nest.
 14898 | Lair:3   | Found a staircase to the Shoals.
 14901 | Lair:3   | Noticed Snorg
 14913 | Lair:3   | Killed Snorg
 15787 | Lair:4   | Reached **** piety under Hepliaklqana
 15810 | Lair:4   | Reached skill level 10 in Fighting
 16430 | Lair:5   | Entered Level 5 of the Lair of Beasts
 16443 | Lair:5   | Reached skill level 11 in Fighting
 16644 | Lair:5   | Reached XP level 14. HP: 97/101 MP: 22/24
 16949 | Lair:5   | Found a staircase to the Slime Pits.
 16949 | Lair:5   | Found a viscous altar of Jiyva.
 17071 | Lair:5   | Lost mutation: You have sharp fingernails. [potion of
                  | mutation]
 17071 | Lair:5   | Lost mutation: You are dopey. (Int -2) [potion of mutation]
 17071 | Lair:5   | Lost mutation: Your spells are a little harder to cast, but
                  | a little more powerful. [potion of mutation]
 17071 | Lair:5   | Gained mutation: Armour fits poorly on your strangely
                  | shaped body. [potion of mutation]
 17071 | Lair:5   | Gained mutation: Your spells are a little harder to cast,
                  | but a little more powerful. [potion of mutation]
 17072 | Lair:5   | Lost mutation: Your spells are a little harder to cast, but
                  | a little more powerful. [potion of mutation]
 17072 | Lair:5   | Lost mutation: Armour fits poorly on your strangely shaped
                  | body. [potion of mutation]
 17072 | Lair:5   | Gained mutation: You are robust. (+10% HP) [potion of
                  | mutation]
 17072 | Lair:5   | Gained mutation: You are agile. (Dex +4, Str/Int -1)
                  | [potion of mutation]
 17072 | Lair:5   | Gained mutation: You have a pair of small antennae on your
                  | head. [potion of mutation]
 17075 | Lair:5   | Acquired a +2 buckler of positive energy
 17211 | Lair:5   | Reached skill level 12 in Fighting
 17252 | Lair:5   | Reached skill level 1 in Shields
 17649 | Lair:5   | Reached skill level 5 in Shields
 17971 | Spider:1 | Entered Level 1 of the Spider Nest
 18037 | Spider:1 | Noticed a broodmother
 18107 | Lair:3   | Killed a broodmother
 19101 | Spider:1 | Reached ***** piety under Hepliaklqana
 19491 | Spider:1 | Learned a level 2 spell: Poisonous Vapours
 20204 | Spider:2 | Noticed a ghost moth
 20362 | Spider:2 | Killed a ghost moth
 20568 | Spider:2 | Gained mutation: You have a sharp stinger which inflicts
                  | weakening toxins. [demonic ancestry]
 20568 | Spider:2 | Reached XP level 15. HP: 102/120 MP: 20/25
 21312 | Spider:2 | Reached skill level 10 in Evocations
 22101 | Spider:3 | Noticed Mara
 22111 | Spider:3 | Noticed Newt's illusion
 22127 | Spider:4 | Entered Level 4 of the Spider Nest
 22641 | Spider:3 | Noticed Newt's illusion
 23481 | Spider:4 | Noticed an emperor scorpion
 23498 | Spider:4 | Blown up by an orb spider

Illustrated notes

Levels and vault maps discovered:
D:1:      erik_arrival_blinker_ship, layout_loops_corners,
          minmay_misc_feat_five, minmay_surrounded
D:2:      layout_basic, minmay_stone_trees_large
D:3:      layout_basic, zin_academy, mainiacjoe_overflow_24_doors, uniq_grinder,
          uniq_jessica
D:4:      layout_gridville, nicolae_ossuary_entry_plus, amethyst_killhole,
          serial_bayou_pond_d, uniq_robin, uniq_menkaure
D:5:      layout_basic, uniq_blork_the_orc
D:6:      layout_loops_ring, mainiacjoe_overflow_two_lobes,
          nicolae_kikubaaqudgha_miasma_corner, doesnt_shop_hydraphobe
D:7:      layout_gridville, temple_doors_ab
D:8:      layout_loops_ring, nicolae_ru_path_of_blood,
          lemuel_coloured_pillars_altar, erik_lair_orcish_takeover,
          serial_shops, nicolae_stop_n_shop_2, ebering_ghost_rock_garden,
          minivault_26, st_stairs_12
D:9:      layout_basic, minmay_orc_entry_temple_small, serial_shops,
          nicolae_stop_n_shop_2, uniq_joseph
D:10:     layout_basic, nicolae_wu_jian_wuxing_cycle
Lair:1:   lemuel_ratsnest, layout_regular_city,
          portal_ice_cave_entry_ice_simulacra, cheibrodos_lair_lostbears
Lair:2:   layout_layer_cave
Lair:3:   layout_small_grid, elwin_shoals_entry_stream,
          nicolae_spider_entry_tight_spaces, gauntlet_entry_generic, uniq_snorg
Lair:4:   layout_misc_corridors, st_stairs_7, serial_bayou_shore_b,
          lemuel_fruit_tree
Lair:5:   minmay_lair_end_enchanted_forest, layout_loops_ring, slime_entry_1
Spider:1: layout_spider_delve
Spider:2: layout_cave_pods, guppyfry_spider_mini_2
Spider:3: layout_spider_delve, special_room [special_room_bee],
          nicolae_spider_undead_wolf_pack, uniq_mara
Spider:4: spider_rune_water

Skill      XL: |  1  2  3  4  5  6  7  8  9 10 11 12 13 14 15 |
---------------+----------------------------------------------+-----
Fighting       | 3 4 6 9 11 12 | 12.0
Throwing       | 2 3 5 6 8 |  8.0
Polearms       | 1 6 8 |  8.0
Armour         | 4 6 9 |  9.1
Evocations     | 6 7 10 | 10.0
Invocations    | 6 8 |  8.0
Spellcasting   | 4 7 |  7.3
Poison Magic   | 4 8 |  8.0
Maces & Flails | 5 9 |  9.2
Shields        | 9 |  9.0
Short Blades   | |  2.6
Dodging        | |  2.6

Action                     |  1- 3 |  4- 6 |  7- 9 | 10-12 | 13-15 || total
---------------------------+-------+-------+-------+-------+-------++-------
  Melee: Rapier            |   138 |   111 |       |       |       ||   249
         Dagger            |       |    88 |       |       |       ||    88
         Punch             |       |     2 |     2 |     7 |     2 ||    13
         Spear             |       |    38 |   284 |   534 |   725 ||  1581
         Tailslap          |       |       |    33 |    71 |   114 ||   218
         Great mace        |       |       |       |    18 |    58 ||    76
  Throw: Stone             |       |     2 |     8 |       |       ||    10
         Throwing net      |       |     4 |       |       |     4 ||     8
         Dart              |       |     1 |       |     2 |    24 ||    27
         Javelin           |       |       |       |     1 |    18 ||    19
         Boomerang         |       |       |       |       |    23 ||    23
   Cast: Olgreb's Toxic Ra |       |       |       |     2 |    37 ||    39
 Invoke: Ancestor Life: Kn |       |       |       |     1 |       ||     1
         Recall Ancestor   |       |       |       |       |     4 ||     4
         Idealise          |       |       |       |       |     2 ||     2
  Evoke: Wand              |       |       |       |     2 |    13 ||    15
    Use: Scroll            |       |     7 |    13 |     5 |    10 ||    35
         Potion            |       |       |     3 |     5 |    15 ||    23
   Stab: Held in net/web   |       |     2 |       |       |     1 ||     3
         Sleeping          |       |       |     1 |       |     5 ||     6
         Distracted        |       |       |       |     2 |     7 ||     9
         Paralysed         |       |       |       |       |    13 ||    13
 Armour: Leather armour    |    58 |    96 |   100 |    21 |   276 ||   551
         Scale mail        |       |       |       |   108 |       ||   108
  Dodge: Dodged            |   122 |   131 |   132 |   153 |   345 ||   883
  Block: Buckler           |       |       |       |       |   258 ||   258

Table legend: (Time is in decaauts)
 A = Elapsed time spent in this place.
 B = Non-inter-level travel time spent in this place.
 C = Inter-level travel time spent in this place.
 D = Time resting spent in this place.
 E = Time spent auto-exploring this place.
 F = Levels seen in this place.
 G = Mean time per level.
                   A        B        C        D        E       F      G
               +--------+--------+--------+--------+--------+-----+--------+
         Total |  23130 |  22457 |    673 |   4642 |  13722 |  22 | 1051.4 |
       Dungeon |   9934 |   9516 |    418 |   1206 |   6703 |  10 |  993.4 |
          Lair |   5747 |   5561 |    186 |    540 |   4071 |   5 | 1149.4 |
   Spider Nest |   5208 |   5140 |     68 |   2407 |   1807 |   4 | 1302.0 |
       Ossuary |    270 |    270 |      0 |     27 |    160 |   1 |  270.0 |
      Ice Cave |   1273 |   1273 |      0 |    133 |    843 |   1 | 1273.0 |
      Gauntlet |    697 |    697 |      0 |    329 |    137 |   1 |  697.0 |
               +--------+--------+--------+--------+--------+-----+--------+

Top non-repeatable levels by time:
Spider:1: 1942 daAuts
  Lair:3: 1748 daAuts
Spider:2: 1589 daAuts
  Lair:5: 1448 daAuts
Spider:4: 1326 daAuts
     D:8: 1314 daAuts
   IceCv: 1273 daAuts
     D:5: 1220 daAuts
     D:7: 1159 daAuts
     D:1: 1129 daAuts
     D:2: 1003 daAuts
  Lair:1: 995 daAuts
     D:4: 976 daAuts
     D:9: 923 daAuts
  Lair:2: 877 daAuts
